 Dungeon Crawl Stone Soup version 0.26-a0-18-g135ff06667 (webtiles) character file.

Game seed: 7065127740029510912, levelgen mode: deterministic

2921 Mrkan the Grappler (level 9, -1/81 HPs)
             Began as a Ghoul Fighter on May 25, 2020.
             Was a Believer of Wu Jian.
             Slain by a wolf (8 damage)
             ... led by Grum
             ... on level 8 of the Dungeon.
             The game lasted 00:12:02 (6731 turns).

Mrkan the Grappler (Ghoul Fighter)                  Turns: 6731, Time: 00:12:03

Health: -1/81      AC: 12    Str: 20    XL:     9   Next: 79%
Magic:  8/8        EV:  5    Int:  6    God:    Wu Jian [**....]
Gold:   393        SH:  9    Dex:  8    Spells: 8/8 levels left

rFire    . . .     SeeInvis .     - Unarmed
rCold    + . .     Gourm    .   b - +0 kite shield
rNeg     + + +     Faith    .   l - +0 chain mail
rPois    ∞         Spirit   .   (no helmet)
rElec    .         Reflect  .   x - +1 cloak
rCorr    .         Harm     .   (no gloves)
MR       .....                  (no boots)
Stlth    ..........             (no amulet)
HPRegen  0.00/turn              (no ring)
MPRegen  0.11/turn              (no ring)

@: mighty, rotting
A: rotting body, claws 1, carnivore, cold resistance 1, negative energy
resistance 3, inhibited regeneration, torment resistance, unbreathing
a: Wall Jump, Renounce Religion


You were on level 8 of the Dungeon.
You worshipped Wu Jian.
Wu Jian was pleased with you.
You were not hungry.

You visited 1 branch of the dungeon, and saw 8 of its levels.

You collected 393 gold pieces.

Inventory:

Armour
 b - a +0 kite shield (worn)
 l - a +0 chain mail (worn)
 x - a +1 cloak (worn)
Jewellery
 B - a cursed ring of attention {unknown}
Wands
 w - a wand of random effects (49)
Scrolls
 a - a scroll of random uselessness {unknown}
 e - 6 scrolls of remove curse {unknown}
 g - 2 scrolls of blinking {unknown}
 h - 2 scrolls of enchant weapon {unknown}
 j - 3 scrolls of teleportation {unknown}
 p - 7 scrolls of identify {unknown}
 q - a scroll of magic mapping {unknown}
 r - 3 scrolls of amnesia {unknown}
 t - a scroll of enchant armour {unknown}
 v - 2 scrolls of fog {unknown}
 y - a scroll of holy word {unknown}
 C - a scroll of vulnerability {unknown}
Potions
 c - 3 potions of might
 f - a potion of heal wounds {unknown}
 i - a potion of stabbing {unknown}
 k - 3 potions of curing {unknown}
 m - 2 potions of magic {unknown}
 n - a potion of cancellation {unknown}
 o - 3 potions of resistance {unknown}
 s - 2 potions of invisibility {unknown}
 z - a potion of flight {unknown}
 A - a potion of brilliance {unknown}
 E - a potion of berserk rage {unknown}
Comestibles
 d - 19 rations


   Skills:
 + Level 8.3 Fighting
 + Level 5.0 Armour
 - Level 4.0 Shields
 * Level 10.8 Unarmed Combat


You had 8 spell levels left.
You didn't know any spells.
Your spell library contained the following spells:

 Spells                   Type           Power        Failure   Level  Hunger
 Magic Dart               Conj           #...         100%        1    ##.....
 Blink                    Tloc           N/A          100%        2    ###....
 Call Imp                 Summ           #.......     100%        2    ###....
 Slow                     Hex            #.......     100%        2    ###....
 Conjure Flame            Conj/Fire      #.......     100%        3    ####...
 Mephitic Cloud           Conj/Pois/Air  #.......     100%        3    ####...


Dungeon Overview and Level Annotations

Branches:
Dungeon (8/15)             Temple (0/1) D:7
   Lair: D:8-11

Altars:
Ashenzari
Dithmenos
Gozag
Okawaru
Wu Jian
Zin

Annotations:
D:8 Maurice


Innate Abilities, Weirdness & Mutations

Your body is rotting away.
You thrive on raw meat.
You are immune to poison.
You have sharp fingernails.
You are carnivorous and can eat meat at any time.
Your flesh is cold resistant. (rC+)
You are immune to negative energy. (rN+++)
You do not regenerate when monsters are visible.
You are immune to unholy pain and torment.
You can survive without breathing.


Message History

Maurice blinks!
A wolf comes into view.
The wolf howls!
You hear a howl!
Maurice zaps a wand.
You are blasted!
Maurice zaps a wand.
You are blasted!
Maurice zaps a wand.
You are blasted!
* * * LOW HITPOINT WARNING * * *
You block the wolf's attack.
You spin and attack the wolf.
You claw the wolf!
The wolf is heavily wounded.
The wolf bites you but does no damage.
Maurice zaps a wand.
You are blasted!
* * * LOW HITPOINT WARNING * * *
You lunge at Maurice.
You scratch Maurice.
Maurice is moderately wounded.
The wolf bites you.
* * * LOW HITPOINT WARNING * * *
Maurice completely misses you.
You feel very mighty all of a sudden. The wolf bites you!
You die...

#....## ...... #....
.. #...# ....#
#.#... ....# #.#..
...###.#@###
#......@..#
#....##h#.#
#####.......# #
#...#....<..#
#...'..†..#.###
###...###+###.#..
#................
#..........##.#.
####
#........).##.#.#...


You could see Maurice (strong, swift) and a wolf.

Vanquished Creatures
  Pikel (D:5)
  Prince Ribbit (D:6)
  Grinder (D:5)
  A wraith (D:8)
  Eustachio (D:6)
  Menkaure (D:6)
  A sky beast (D:6)
  A slave (D:5)
  2 ogres
  2 phantoms
  A centaur (D:7)
  2 bullfrogs
  5 wights (D:8)
  A howler monkey (D:6)
  2 crimson imps (D:5)
  A bullfrog zombie (D:7)
  A hound (D:5)
  A jelly (D:5)
  Crazy Yiuf (D:5)
  2 bullfrog skeletons
  An orc priest (D:4)
  A centaur skeleton (D:7)
  2 orc wizards (D:4)
  An iguana (D:7)
  7 worker ants
  A howler monkey zombie (D:6)
  A howler monkey skeleton (D:4)
  7 adders
  A shadow imp (D:7)
  2 oozes (D:2)
  An adder skeleton (D:4)
  3 worms
  2 dart slugs
  2 leopard geckos
  19 orcs
  4 giant cockroaches
  11 goblins
  7 hobgoblins
  11 jackals
  2 quokkas
  A ball python skeleton (D:4)
  7 bats
  5 frilled lizards
  A giant cockroach zombie (D:5)
  A jackal zombie (D:5)
  8 kobolds
  8 rats
146 creatures vanquished.

Vanquished Creatures (others)
  Duvessa (D:5)
  A slave (D:5)
  Dowan (D:5)
  An orc wizard (D:5)
  3 orcs (D:5)
7 creatures vanquished.

Grand Total: 153 creatures vanquished

Notes
Turn   | Place    | Note
-------+----------+-------------------------------------------
     0 | D:1      | Mrkan the Ghoul Fighter began the quest for the Orb.
     0 | D:1      | Reached XP level 1. HP: 19/19 MP: 0/0
   403 | D:1      | Reached XP level 2. HP: 23/25 MP: 1/1
  1122 | D:2      | Reached skill level 3 in Unarmed Combat
  1131 | D:2      | Reached XP level 3. HP: 19/31 MP: 2/2
  1708 | D:2      | Reached XP level 4. HP: 30/40 MP: 3/3
  1854 | D:2      | Found an ornate altar of the Wu Jian Council.
  1854 | D:2      | Found a shadowy altar of Dithmenos.
  1951 | D:2      | Became a worshipper of the Wu Jian Council
  2242 | D:3      | Found a shattered altar of Ashenzari.
  2346 | D:3      | Reached skill level 4 in Unarmed Combat
  2618 | D:3      | Reached XP level 5. HP: 41/45 MP: 4/4
  3079 | D:4      | Reached * piety under Wu Jian
  3336 | D:4      | Noticed a phantom
  3352 | D:4      | Killed a phantom
  3352 | D:4      | Reached skill level 5 in Unarmed Combat
  3352 | D:4      | Reached XP level 6. HP: 47/52 MP: 5/5
  3590 | D:4      | Found an iron altar of Okawaru.
  3633 | D:4      | HP: 1/50 [orc priest/divine providence (10)]
  3636 | D:4      | Reached skill level 5 in Fighting
  3813 | D:4      | Reached skill level 6 in Unarmed Combat
  3813 | D:4      | Reached XP level 7. HP: 58/61 MP: 6/6
  4065 | D:5      | Entered Level 5 of the Dungeon
  4076 | D:5      | Noticed Pikel
  4098 | D:5      | Killed Pikel
  4098 | D:5      | Reached skill level 8 in Unarmed Combat
  4098 | D:5      | Reached XP level 8. HP: 30/71 MP: 7/7
  4151 | D:5      | You fall into a shaft and drop 2 floors!
  4353 | D:6      | Found a glowing silver altar of Zin.
  4353 | D:6      | Found an opulent altar of Gozag.
  4437 | D:6      | Noticed Menkaure
  4439 | D:6      | Noticed Eustachio
  4441 | D:6      | Killed Menkaure
  4446 | D:6      | Noticed Prince Ribbit
  4451 | D:6      | Killed Eustachio
  4451 | D:6      | Reached ** piety under Wu Jian
  4451 | D:6      | Reached skill level 9 in Unarmed Combat
  4482 | D:6      | Killed Prince Ribbit
  4482 | D:6      | Reached XP level 9. HP: 21/79 MP: 8/8
  4827 | D:5      | Killed Dowan
  4848 | D:5      | Killed Duvessa
  4850 | D:5      | Noticed Grinder
  4879 | D:5      | Killed Grinder
  5462 | D:5      | Reached skill level 10 in Unarmed Combat
  5497 | D:5      | Found a runed translucent door.
  5498 | D:5      | Noticed Crazy Yiuf
  5504 | D:5      | Killed Crazy Yiuf
  6023 | D:7      | Found a staircase to the Ecumenical Temple.
  6580 | D:8      | Reached skill level 5 in Armour
  6710 | D:8      | Noticed Maurice
  6731 | D:8      | Slain by a wolf

Illustrated notes

Levels and vault maps discovered:
D:1:      dpeg_arrival_circle_labyrinth_c, layout_basic
D:2:      layout_rooms, amethyst_overflow_temple_binary,
          minmay_randomly_rotated_circles
D:3:      layout_basic, evilmike_ruin_ashenzari, first_ration
D:4:      layout_basic, okawaru_ov_weapons_minmay
D:5:      layout_loops_ring, uniq_grinder, uniq_duvessa,
          uniq_crazy_yiuf_cottage, uniq_pikel
D:6:      layout_gridville, grunt_temple_overflow_gold_and_silver,
          uniq_prince_ribbit1, uniq_eustachio, uniq_menkaure
D:7:      layout_loops_ring, minmay_temple_entry_slanted
D:8:      layout_basic, uniq_maurice, uniq_grum, uniq_gastronok

Skill      XL: |  1  2  3  4  5  6  7  8  9 |
---------------+----------------------------+-----
Unarmed Combat | 3 4 5 6 8 9 10 | 10.8
Shields        | 3 4 |  4.0
Fighting       | 4 5 6 7 8 |  8.3
Armour         | 4 5 |  5.0

Action                   |  1- 3 |  4- 6 |  7- 9 || total
-------------------------+-------+-------+-------++-------
Melee: Unarmed           |   122 |   227 |   266 ||   615
Invok: Lunge             |       |    13 |    19 ||    32
       Whirlwind         |       |     5 |    13 ||    18
  Use: Potion            |       |     1 |     1 ||     2
  Eat: Chunk             |     4 |     9 |    17 ||    30
       Ration            |       |     1 |       ||     1
Armor: Scale mail        |    31 |       |       ||    31
       Chain mail        |    13 |   117 |    73 ||   203
Dodge: Dodged            |    40 |    46 |    37 ||   123
Block: Kite shield       |    59 |    98 |    82 ||   239

Table legend:
 A = Non-vault XP
 B = Vault XP
 C = Vault XP percentage of total XP
 D = Non-vault monster count
 E = Vault monster count
 F = Vault count percentage of total count
                 A         B        C        D         E       F
            +---------+---------+-------+---------+---------+-------
      Total |    2542 |    1632 |  39.1 |     133 |      12 |   8.3
            +---------+---------+-------+---------+---------+-------
        D:1 |      17 |       0 |   0.0 |      12 |       0 |   0.0
        D:2 |      75 |      12 |  13.8 |      20 |       6 |  23.1
        D:3 |      76 |       0 |   0.0 |      29 |       0 |   0.0
        D:4 |     597 |       0 |   0.0 |      28 |       0 |   0.0
        D:5 |     246 |     947 |  79.4 |      17 |       3 |  15.0
        D:6 |     236 |     673 |  74.0 |       4 |       3 |  42.9
        D:7 |     673 |       0 |   0.0 |      15 |       0 |   0.0
        D:8 |     622 |       0 |   0.0 |       8 |       0 |   0.0
            +---------+---------+-------+---------+---------+-------
